 Dungeon Crawl Stone Soup version 0.18.1-47-g9310371 (webtiles) character file.

16097 rockintein the Severer (level 12, -5/168 HPs)
             Began as a Minotaur Berserker on June 17, 2016.
             Was a High Priest of Trog.
             Killed from afar by Azrael (30 damage)
             ... with a fireball
             ... on level 12 of the Dungeon.
             The game lasted 00:22:22 (11626 turns).

rockintein the Severer (Minotaur Berserker)        Turns: 11626, Time: 00:22:23

Health: -5/168     AC: 18    Str: 28 (30) XL:     12   Next: 7%
Magic:  11/11      EV:  9    Int:  4      God:    Trog [*****.]
Gold:   507        SH:  5    Dex: 13 (14) Spells: 0 memorised, 11 levels left

rFire  . . .     SeeInvis .     N - +3 battleaxe
rCold  . . .     Gourm    .     D - +0 plate armour
rNeg   . . .     Faith    .     (shield currently unavailable)
rPois  +         Spirit   .     n - +1 hat
rElec  .         Dismiss  .     a - +0 cloak
rCorr  .         Reflect  +     (no gloves)
SustAt .         Harm     .     (no boots)
MR     ++...                    G - +5 amulet of reflection
Stlth  ..........               L - ring of wizardry
                                f - +2 ring of dexterity

@: berserking, regenerating, very quick, very resistant to hostile enchantments,
extremely unstealthy
A: retaliatory headbutt, claws 2, horns 2, poison resistance
a: Berserk, Trog's Hand, Brothers in Arms, Burn Spellbooks, Renounce Religion


You were on level 12 of the Dungeon.
You worshipped Trog.
Trog was extremely pleased with you.
You were hungry.

You visited 1 branch of the dungeon, and saw 12 of its levels.

You collected 555 gold pieces.
You spent 48 gold pieces at shops.

Inventory:

Hand Weapons
 u - a +1 war axe
 w - a +2 mace of draining
 J - the +2 long sword of Guacsig {freeze, +Inv rF+ rC+ rN+}
   (You found it on level 10 of the Dungeon)

   It has been specially enchanted to freeze those struck by it, causing extra
   injury to most foes and up to half again as much damage against particularly
   susceptible opponents.
   It can also slow down cold-blooded creatures.
   It protects you from fire.
   It protects you from cold.
   It protects you from negative energy.
   It lets you turn invisible.
 M - the +5 falchion of Riuxzex {slice, *Confuse rC++ MR+ SInv}
   (You found it on level 10 of the Dungeon)

   It inflicts extra damage upon your enemies.
   It greatly protects you from cold.
   It affects your resistance to hostile enchantments.
   It lets you see invisible.
   It may confuse you when you take damage.
 N - a +3 battleaxe (weapon)
Armour
 a - a +0 cloak (worn)
 n - a +1 hat (worn)
 D - a +0 plate armour (worn)
Jewellery
 f - a +2 ring of dexterity (left claw)
 k - a +4 ring of protection {unknown}
 y - an uncursed amulet of regeneration
 G - a +5 amulet of reflection (around neck)
 L - a ring of wizardry (right claw)
Wands
 r - a wand of digging (14/24)
Scrolls
 e - 6 scrolls of identify
 h - 2 scrolls of noise
 m - 2 scrolls of teleportation
 o - 3 scrolls of enchant weapon
 q - 2 scrolls of silence
 t - 2 scrolls of blinking
 v - 6 scrolls of fog
 A - 2 scrolls of enchant armour
 B - 2 scrolls of recharging
 K - a scroll of remove curse
Potions
 d - 4 potions of heal wounds
 i - 3 potions of flight
 l - 4 potions of curing
 s - 6 potions of haste
 x - 3 potions of might
 z - 3 potions of cure mutation
 C - 2 potions of cancellation
 I - a potion of ambrosia
Books
 b - Sif Muna's Disquisition on Hexes
   (You found it on level 5 of the Dungeon)

   Spells                             Type                      Level
   a - Corona                         Hexes                        1
   Trog disapproves of the use of such an item.
 g - a book of Debilitation

   Spells                             Type                      Level
   a - Corona                         Hexes                        1
   b - Slow                           Hexes                        2
   c - Gell's Gravitas                Hexes/Translocation          3
   d - Inner Flame                    Hexes/Fire                   3
   e - Cause Fear                     Hexes                        4
   f - Leda's Liquefaction            Hexes/Earth                  4
   Trog disapproves of the use of such an item.
 p - a book of Annihilations

   Spells                             Type                      Level
   a - Poison Arrow                   Conjuration/Poison           6
   b - Chain Lightning                Conjuration/Air              8
   c - Lehudib's Crystal Spear        Conjuration/Earth            8
   d - Glaciate                       Conjuration/Ice              9
   e - Fire Storm                     Conjuration/Fire             9
   Trog disapproves of the use of such an item.
Comestibles
 c - 17 bread rations
 j - 5 meat rations
 H - 7 fruits


   Skills:
 + Level 12.2 Fighting
 * Level 15.9 Axes
 + Level 12.1 Armour
 - Level 2.1 Dodging


You had 11 spell levels left.
You didn't know any spells.

Dungeon Overview and Level Annotations

Branches:
Dungeon (12/15)            Temple (0/1) D:4            Lair (0/8) D:10
    Orc (0/2) D:9

Altars:
Dithmenos
Fedhas
Kikubaaqudgha
Nemelex Xobeh
Okawaru
Qazlal
Ru
Sif Muna
Trog
Vehumet
Yredelemnul
The Shining One

Shops:
D:6 (   D:12 !

Annotations:
D:7 Prince Ribbit
D:12 Azrael, Rupert


Innate Abilities, Weirdness & Mutations

You reflexively headbutt those who attack you in melee.
You have a pair of horns on your head.
You have very sharp fingernails.
Your system is resistant to poisons.


Message History

The hell hound closely misses you.
You slice the white ugly thing!!
You kill the white ugly thing!
Trog accepts your kill.
You slash the fire elemental!
You destroy the fire elemental!
Your plate armour prevents you from hitting Rupert.
Rupert is lightly wounded.
You slash the hell hound!
The hell hound is almost dead.
You barely miss the hell hound.
The hell hound is heavily wounded.
You barely miss the fire elemental. The hell hound bites you.
* * * LOW HITPOINT WARNING * * *
Azrael gestures at you.
The fireball explodes!
The fireball engulfs the hell hound.
The hell hound completely resists.
The fireball engulfs the fire elemental.
The fire elemental completely resists.
The fireball engulfs you!
You die...

.......... ..........
..#######.........
...................
...................
............R......
.>..........hE§.....
............@h.§....
...........h@.§.§...
............EE§§....
........###....§... +#
###+#.....# .........
.# #.........#
.........
.###.........#
......###
...........####......#
#..........# .....#


You could see Rupert, Azrael, 3 fire elementals and 3 hell hounds.

Vanquished Creatures
  Josephine (D:10)
  Harold (D:11)
  Erolcha (D:11)
  Erica (D:11)
  The ghost of raph the Basher, a novice MiFi of Okawaru (D:6)
  2 hill giants
  Pikel (D:6)
  An ugly thing (D:12)
  A manticore (D:6)
  2 trolls (D:11)
  A spriggan (D:9)
  A wyvern (D:10)
  3 wraiths (D:10)
  A fire elemental (D:12)
  10 yaks
  4 hippogriffs
  2 hungry ghosts
  Duvessa (D:5)
  2 sky beasts
  An ice beast (D:11)
  9 orc warriors
  2 slaves (D:6)
  5 wasps
  3 phantoms
  6 ogres
  A crocodile (D:10)
  2 necrophages
  6 centaurs
  A big kobold (D:10)
  Blork the orc (D:4)
  6 giant frogs
  A gnoll sergeant (D:8)
  Dowan (D:5)
  A water moccasin zombie (D:10)
  4 scorpions
  4 jellies
  10 killer bees
  10 wights
  5 howler monkeys
  4 crimson imps
  2 centaur zombies
  A quasit (D:11)
  2 giant frog zombies
  7 hounds
  13 orc wizards
  8 orc priests
  A centaur skeleton (D:7)
  A giant frog skeleton (D:5)
  Jessica (D:2)
  3 iguanas
  11 worker ants
  A killer bee zombie (D:10)
  A hound zombie (D:10)
  2 hound skeletons
  A mummy (D:4)
  2 worker ant zombies
  4 gnolls
  12 adders
  3 river rats (D:10)
  An ooze (D:3)
  6 worms
  2 dart slugs (D:2)
  7 giant geckos
  59 orcs
  2 ball pythons
  21 bats
  6 giant cockroaches
  7 hobgoblins
  11 jackals
  5 quokkas
  A giant gecko skeleton (D:8)
  6 giant newts
  A hobgoblin zombie (D:4)
  A jackal skeleton (D:5)
  7 kobolds
  3 orc zombies (D:4)
  16 rats
  7 fungi (D:10)
  2 plants (D:10)
367 creatures vanquished.

Vanquished Creatures (others)
  2 slaves (D:6)
  2 fungi (D:10)
4 creatures vanquished.

Grand Total: 371 creatures vanquished

Notes
Turn   | Place    | Note
--------------------------------------------------------------
     0 | D:1      | rockintein the Minotaur Berserker began the quest for the Orb.
     0 | D:1      | Reached XP level 1. HP: 19/19 MP: 0/0
    20 | D:1      | Reached skill level 4 in Axes
    33 | D:1      | Reached XP level 2. HP: 6/27 MP: 1/1
   810 | D:2      | Reached XP level 3. HP: 32/33 MP: 2/2
   812 | D:2      | Reached ** piety under Trog
  1042 | D:2      | Found an iron altar of Okawaru.
  1476 | D:2      | Reached XP level 4. HP: 40/40 MP: 3/3
  1522 | D:2      | Noticed Jessica
  1526 | D:2      | Killed Jessica
  1526 | D:2      | Reached skill level 5 in Axes
  1854 | D:3      | Found a blossoming altar of Fedhas.
  2085 | D:3      | Found a basalt altar of Yredelemnul.
  2147 | D:3      | Found a glowing golden altar of the Shining One.
  2188 | D:3      | Reached XP level 5. HP: 15/47 MP: 4/4
  2520 | D:4      | Found a staircase to the Ecumenical Temple.
  2565 | D:4      | Reached skill level 5 in Fighting
  2565 | D:4      | Reached skill level 6 in Axes
  2575 | D:4      | Reached XP level 6. HP: 48/56 MP: 5/5
  2675 | D:4      | Found a stormy altar of Qazlal.
  2748 | D:4      | Noticed Blork the orc
  2756 | D:4      | Killed Blork the orc
  2791 | D:4      | Reached skill level 5 in Armour
  3252 | D:5      | Entered Level 5 of the Dungeon
  3276 | D:5      | Reached *** piety under Trog
  3347 | D:5      | Reached skill level 7 in Axes
  3347 | D:5      | Reached XP level 7. HP: 17/62 MP: 6/6
  4092 | D:5      | Noticed Duvessa
  4129 | D:6      | Reached skill level 8 in Axes
  4232 | D:6      | Noticed raph's ghost (novice MiFi)
  4244 | D:6      | Killed raph's ghost
  4244 | D:6      | Reached skill level 9 in Axes
  4244 | D:6      | Reached XP level 8. HP: 12/73 MP: 7/7
  4379 | D:5      | Killed Duvessa
  4386 | D:5      | Noticed Dowan
  4496 | D:5      | Killed Dowan
  4496 | D:5      | Reached skill level 10 in Axes
  4599 | D:5      | Found an ancient bone altar of Kikubaaqudgha.
  5013 | D:5      | Found a radiant altar of Vehumet.
  5014 | D:5      | Found a deep blue altar of Sif Muna.
  5021 | D:5      | Identified Sif Muna's Disquisition on Hexes
  5271 | D:5      | Gained mutation: Your system is resistant to poisons. [potion of mutation]
  5271 | D:5      | Gained mutation: You have sharp fingernails. [potion of mutation]
  5271 | D:5      | Gained mutation: You have very sharp fingernails. [potion of mutation]
  5341 | D:6      | Noticed Pikel
  5351 | D:6      | Killed Pikel
  5351 | D:6      | Reached XP level 9. HP: 81/81 MP: 8/8
  5419 | D:6      | Found Kasetobb's Weapon Shoppe.
  5514 | D:6      | Found a shadowy altar of Dithmenos.
  5603 | D:6      | Noticed a manticore
  5608 | D:6      | HP: 3/82 [manticore (6)]
  5611 | D:6      | Killed a manticore
  5611 | D:6      | Reached skill level 11 in Axes
  6325 | D:7      | Noticed Prince Ribbit
  6493 | D:7      | Reached **** piety under Trog
  6501 | D:7      | Reached skill level 12 in Axes
  7139 | D:8      | Reached XP level 10. HP: 91/91 MP: 9/9
  7625 | D:8      | Found a sacrificial altar of Ru.
  7813 | D:9      | Found a staircase to the Orcish Mines.
  7969 | D:9      | Reached skill level 10 in Fighting
  8118 | D:9      | Reached skill level 13 in Axes
  8118 | D:9      | Reached skill level 10 in Armour
  8238 | D:9      | Found a sparkling altar of Nemelex Xobeh.
  8238 | D:9      | Found a bloodstained altar of Trog.
  8240 | D:9      | Found a glowing golden altar of the Shining One.
  8566 | D:9      | Noticed a hill giant
  8572 | D:9      | Killed a hill giant
  8724 | D:10     | Entered Level 10 of the Dungeon
  8724 | D:10     | Noticed a hill giant
  8734 | D:10     | Killed a hill giant
  8810 | D:10     | Got a pitted ring mail
  8853 | D:10     | Identified the cursed +0 ring mail of the Thirteen Planets {MR+ Int+2 Slay-5} (You found it on level 10 of the Dungeon)
  8961 | D:10     | Reached XP level 11. HP: 92/101 MP: 10/10
  8969 | D:10     | Reached ***** piety under Trog
  8973 | D:10     | Found a staircase to the Lair.
  8977 | D:10     | Reached skill level 14 in Axes
  9103 | D:10     | Got a fine long sword
  9209 | D:10     | Identified the cursed +2 long sword of Guacsig {freeze, +Inv rF+ rC+ rN+} (You found it on level 10 of the Dungeon)
  9415 | D:10     | Got a crude falchion
  9572 | D:10     | Identified the +5 falchion of Riuxzex {slice, *Confuse rC++ MR+ SInv} (You found it on level 10 of the Dungeon)
  9588 | D:11     | Noticed Josephine
  9609 | D:10     | Killed Josephine
 10007 | D:11     | Noticed Erolcha
 10022 | D:11     | Killed Erolcha
 10228 | D:11     | Reached skill level 15 in Axes
 10450 | D:11     | Noticed Harold
 10469 | D:11     | Killed Harold
 10501 | D:11     | Noticed Erica
 10578 | D:11     | Killed Erica
 11380 | D:11     | Reached XP level 12. HP: 92/112 MP: 11/11
 11594 | D:12     | Found Torixas's Distillery.
 11599 | D:12     | Bought a potion of might for 48 gold pieces
 11617 | D:12     | Noticed Rupert
 11619 | D:12     | Noticed Azrael
 11626 | D:12     | Killed from afar by Azrael

Skill      XL: |  1  2  3  4  5  6  7  8  9 10 11 |
---------------+----------------------------------+-----
Axes           | 4 5 6 7 9 10 12 13 15 | 15.9
Fighting       | 4 5 7 8 9 10 12 | 12.2
Armour         | 3 4 5 6 7 9 10 12 | 12.1
Dodging        | |  2.1

Action                   |  1- 3 |  4- 6 |  7- 9 | 10-12 || total
-------------------------+-------+-------+-------+-------++-------
Melee: Hand axe          |    80 |    78 |       |       ||   158
       Headbutt          |    13 |    26 |    53 |   118 ||   210
       Battleaxe         |       |    36 |   196 |   297 ||   529
       Long sword        |       |       |       |   207 ||   207
Invok: Berserk           |     1 |     3 |     7 |    10 ||    21
       Trog's Hand       |       |     2 |     8 |    11 ||    21
  Use: Scroll            |       |    10 |     3 |     9 ||    22
       Potion            |       |     9 |     2 |     4 ||    15
  Eat: Chunk             |     3 |     8 |    20 |    19 ||    50
       Pizza             |       |     1 |       |       ||     1
       Fruit             |       |       |       |     3 ||     3
       Bread ration      |       |       |       |     1 ||     1
       Meat ration       |       |       |       |     1 ||     1
       Beef jerky        |       |       |       |     1 ||     1
Armor: Animal skin       |    15 |       |       |       ||    15
       Chain mail        |    21 |    57 |    87 |       ||   165
       Plate armour      |       |       |    27 |   464 ||   491
Dodge: Dodged            |    57 |    51 |    91 |   279 ||   478
Block: Other             |       |       |       |    97 ||    97
       Reflection        |       |       |       |     3 ||     3
